 Dungeon Crawl Stone Soup version 0.28-a0-1510-gd0f6b136d3 (webtiles) character file.

Game seed: 1320621274969335887

7299 kae the Martial Artist (level 10, -1/91 HPs)
             Began as a Demonspawn Transmuter on Jan 14, 2022.
             Was an Initiate of Ru.
             Killed by divine providence
             ... invoked by a meliai
              (7 damage)
             ... on level 9 of the Dungeon.
             The game lasted 00:14:02 (17599 turns).

kae the Martial Artist (Demonspawn Transmuter)     Turns: 17599, Time: 00:14:03

Health: -1/91      AC:  8    Str: 12    XL:     10   Next: 90%
Magic:  0/18       EV: 13    Int: 18    God:    Ru [......]
Gold:   1716       SH:  0    Dex: 19    Spells: 6/20 levels left

rFire   x . .      SeeInvis .     - Unarmed
rCold   + + +      Faith    .   (shield currently unavailable)
rNeg    . . .      Spirit   +   (armour currently unavailable)
rPois   +          Reflect  .   (helmet currently unavailable)
rElec   .          Harm     .   (cloak currently unavailable)
rCorr   .          Rampage  .   (gloves currently unavailable)
Will    .....                   (boots unavailable)
Stlth   ..........              y - amulet of guardian spirit
HPRegen 0.25/turn               t - +6 ring of dexterity
MPRegen 0.16/turn               v - ring of wizardry

@: ice-form, invisible
A: freezing attack, amphibious, boosted hp, large, (hooves 3), (thin metallic
scales 2), (spiny 2), no stealth
a: End Transformation, Renounce Religion


You were on level 9 of the Dungeon.
You worshipped Ru.
Ru was noncommittal.
You were a creature of crystalline ice.
You visited 2 branches of the dungeon, and saw 11 of its levels.
You also visited: Ossuary.

You collected 1716 gold pieces.

Inventory:

Missiles
 e - a throwing net
Armour
 a - a +0 robe
 q - a +0 pair of boots
 x - +2 acid dragon scales (melded)
Jewellery
 t - a +6 ring of dexterity (left front paw)
 v - a ring of wizardry (right front paw)
 y - an amulet of guardian spirit (around neck)
Wands
 g - a wand of flame (26)
 i - a wand of polymorph (21)
 r - a wand of digging (7)
 u - a wand of iceblast (8)
Scrolls
 l - 4 scrolls of torment
 m - 6 scrolls of teleportation
 p - 4 scrolls of fog
 s - 6 scrolls of identify
Potions
 b - 2 potions of might
 c - 5 potions of curing
 d - 2 potions of attraction
 f - 4 potions of brilliance
 h - 4 potions of berserk rage
 j - 2 potions of haste
 k - 2 potions of degeneration
 o - a potion of invisibility
 w - 2 potions of flight


   Skills:
 + Level 5.9 Fighting
 + Level 5.6 Dodging
 * Level 8.1 Unarmed Combat
 + Level 5.8 Spellcasting
 * Level 8.0 Transmutations
 - Level 5.0 Ice Magic
 - Level 2.0 Poison Magic


You had 6 spell levels left.
You knew the following spells:

 Your Spells              Type           Power      Damage    Failure   Level
a - Beastly Appendage     Tmut           68%        N/A       1%          1
b - Spider Form           Tmut/Pois      23%        N/A       1%          3
c - Ice Form              Ice/Tmut       28%        N/A       3%          4
d - Statue Form           Tmut/Erth      12%        N/A       78%         6

Your spell library contained the following spells:

 Spells                   Type           Power      Damage    Failure   Level
 Passwall                 Tmut/Erth      15%        N/A       1%          2
 Wereblood                Tmut           34%        N/A       1%          2
 Ensorcelled Hibernation  Hex/Ice        28%        N/A       2%          2
 Animate Skeleton         Necr           10%        N/A       4%          1
 Apportation              Tloc           10%        N/A       4%          1
 Summon Small Mammal      Summ           20%        N/A       4%          1
 Petrify                  Tmut/Erth      19%        N/A       10%         4
 Gell's Gravitas          Tloc           5%         N/A       16%         3
 Lesser Beckoning         Tloc           5%         N/A       16%         3
 Swiftness                Air            5%         N/A       16%         3
 Teleport Other           Tloc           5%         N/A       16%         3
 Metabolic Englaciation   Hex/Ice        7%         N/A       43%         5


Dungeon Overview and Level Annotations

Branches:
Dungeon (10/15)            Temple (1/1) D:7         Ossuary (visited)
   Lair: D:8-11         Orc: D:9-12

Altars:
Ashenzari
Cheibriados
Dithmenos
Elyvilon
Fedhas
Gozag
Hepliaklqana
Kikubaaqudgha
Makhleb
Nemelex Xobeh
Okawaru
Qazlal
Ru
Sif Muna
Uskayaw
Vehumet
Wu Jian
Xom
Yredelemnul
Zin
The Shining One
Beogh

Annotations:
D:3 exclusion: Ijyb
D:6 3 runed translucent doors, champignon's ghost, novice DsGl; sanka's ghost, amateur GnCA
D:8 Erica


Innate Abilities, Weirdness & Mutations

You are a creature of crystalline ice.
You have a powerful freezing melee attack.
You are amphibious.
Your maximum health is increased.
Your armour is entirely melded.
You are incapable of wielding weapons or throwing items.
((You have hooves in place of feet.))
((You are mostly covered in thin metallic scales. (AC +3)))
((You are mostly covered in sharp spines.))
You cannot be stealthy.


Message History

The meliai invokes the aid of its god against you.
Something smites you!
You closely miss the meliai. The meliai misses you. The meliai stings you.
The meliai closely misses you.
The meliai stings you but does no damage.
You barely miss the meliai.
The meliai hits you with a +3 morningstar of holy wrath!
You convulse!
The meliai closely misses you. The meliai misses you. x2
You punch the meliai! You freeze the meliai.
The meliai is heavily wounded.
The meliai closely misses you. The meliai misses you.
The meliai hits you with a +3 morningstar of holy wrath!
You convulse.
The meliai stings you but does no damage.
You barely miss the meliai.
The meliai is heavily wounded.
The meliai hits you with a +3 morningstar of holy wrath.
* * * LOW HITPOINT WARNING * * *
You convulse.
* * * LOW HITPOINT WARNING * * *
The meliai stings you but does no damage.
You barely miss the meliai.
The meliai is heavily wounded.
The meliai hits you with a +3 morningstar of holy wrath.
You convulse.
* * * LOW HITPOINT WARNING * * *
The meliai closely misses you.
The meliai calls down the wrath of its god upon you.
Something smites you!
* * * LOW HITPOINT WARNING * * *
You fade into invisibility!
The meliai barely misses you. x2; The meliai closely misses you. x2
You hit the meliai. You freeze the meliai.
The meliai is severely wounded.
The meliai calls down the wrath of its god upon you.
Something smites you!
* * * LOW HITPOINT WARNING * * *
The meliai calls down the wrath of its god upon you.
Something smites you!
You die...

##....#.#.....#....
#..#.##.###.#####.### #..#..#.#
....#.....#
#....##.#####.#.:...## #...##.
#....#...............# #.....#.
........# #.#y}.}.# #.#......
........# .. #.....# #..#......
.#......# .#####y#####.###......
........###.[.#.Y...#.....#......
.....##.##..#.#.....#.##..#......
.....##....#...........##........
..####..#.#..##.....#.##..#......
..####..#...###.....#.....#......
....###.###[#####.#####.###......
....#>..................)........
.................##.#.#######....
..............#....... ##.###...


You could see a meliai.

Vanquished Creatures
  2 two-headed ogres
  Psyche (D:8)
  Maggie (D:8)
  A tengu conjurer (D:8)
  A troll (D:8)
  A slime creature (D:9)
  2 wyverns (D:8)
  A shadow (D:9)
  A yak (D:9)
  4 vampire mosquitoes (D:10)
  3 water moccasins
  5 orc warriors
  An ice beast (D:5)
  A black bear (D:4)
  A necrophage (D:6)
  7 centaurs
  4 bullfrogs
  A kobold brigand (D:8)
  A wyvern zombie (D:7)
  A gnoll sergeant (D:9)
  A scorpion (D:4)
  6 killer bees (D:9)
  3 howler monkeys
  8 wights
  4 hounds
  A centaur zombie (D:8)
  A jelly (D:5)
  6 orc priests
  A bullfrog zombie (D:7)
  A gnoll shaman (D:6)
  Ijyb (D:3)
  A scorpion zombie (D:5)
  Jessica (D:2)
  An iguana (D:6)
  Terence (D:3)
  6 orc wizards
  A centaur simulacrum (D:9)
  8 mummies (Ossuary)
  Robin (D:3)
  A howler monkey skeleton (D:6)
  7 adders
  4 gnolls (D:6)
  A shadow imp (D:5)
  2 white imps
  An adder skeleton (D:4)
  A worm (D:4)
  A dart slug (D:1)
  16 orcs
  6 ball pythons
  9 endoplasms
  A giant cockroach (D:1)
  2 gnoll zombies (Ossuary)
  20 goblins
  12 hobgoblins
  6 jackals
  14 kobolds
  2 quokkas (D:3)
  2 bats
  3 frilled lizards (D:2)
  2 hobgoblin zombies (Ossuary)
  A kobold zombie (Ossuary)
  3 orc zombies (Ossuary)
  4 rats
214 creatures vanquished.

Vanquished Creatures (others)
  A vampire (D:9)
  3 withered plants (D:6)
4 creatures vanquished.

Grand Total: 218 creatures vanquished

Notes
Turn   | Place    | Note
-------+----------+-------------------------------------------
     0 | D:1      | kae the Demonspawn Transmuter began the quest for the Orb.
     0 | D:1      | Reached XP level 1. HP: 15/15 MP: 3/3
   357 | D:1      | Gained mutation: You are partially covered in sharp spines.
                  | [demonic ancestry]
   357 | D:1      | Reached XP level 2. HP: 21/21 MP: 3/5
  1065 | D:1      | Identified a scroll of acquirement
  1065 | D:1      | Acquired 850 gold pieces
  1137 | D:2      | Gained mutation: You are partially covered in thin metallic
                  | scales. (AC +2) [demonic ancestry]
  1137 | D:2      | Reached XP level 3. HP: 16/26 MP: 4/6
  1141 | D:2      | Learned a level 3 spell: Spider Form
  1722 | D:2      | Noticed Jessica
  1724 | D:2      | Killed Jessica
  1725 | D:2      | Reached XP level 4. HP: 32/32 MP: 5/7
  1979 | D:2      | Reached skill level 1 in Poison Magic
  2431 | D:3      | Noticed Terence
  2451 | D:3      | Found a shimmering altar of Xom.
  2580 | D:3      | Noticed Robin
  2881 | D:3      | Killed Robin
  3298 | D:3      | Reached XP level 5. HP: 38/38 MP: 8/8
  3542 | D:3      | Noticed Ijyb
  3655 | D:2      | Learned a level 4 spell: Ice Form
  3834 | D:3      | Killed Ijyb
  4315 | D:3      | Found a faded altar of an unknown god.
  4551 | D:3      | Killed Terence
  5173 | D:4      | Reached skill level 1 in Ice Magic
  5173 | D:4      | Gained mutation: You are mostly covered in sharp spines.
                  | [demonic ancestry]
  5173 | D:4      | Reached XP level 6. HP: 44/44 MP: 5/10
  5507 | D:4      | Found an ancient bone altar of Kikubaaqudgha.
  5798 | D:5      | Entered Level 5 of the Dungeon
  5844 | D:5      | Found a sand-covered staircase.
  5851 | Ossuary  | Entered an ossuary
  6338 | Ossuary  | Gained mutation: You have large cloven feet. [demonic
                  | ancestry]
  6338 | Ossuary  | Reached XP level 7. HP: 44/51 MP: 6/11
  8314 | D:6      | Gained mutation: You have hoof-like feet. [demonic
                  | ancestry]
  8314 | D:6      | Reached XP level 8. HP: 56/58 MP: 6/13
  8902 | D:6      | Reached skill level 5 in Unarmed Combat
  9326 | D:6      | Found a runed translucent gate.
  9327 | D:6      | Found a runed translucent gate.
  9327 | D:6      | Found a runed translucent gate.
  9329 | D:6      | Noticed champignon's ghost (novice DsGl)
  9329 | D:6      | Noticed sanka's ghost (amateur GnCA)
  9594 | D:6      | Reached skill level 5 in Transmutations
  9872 | D:7      | Noticed a two-headed ogre
  9926 | D:7      | Found a staircase to the Ecumenical Temple.
 10030 | Temple   | Entered the Ecumenical Temple
 10366 | Temple   | Became a worshipper of Ru the Awakened
 10696 | D:7      | You fall into a shaft and drop 3 floors!
 10696 | D:10     | Entered Level 10 of the Dungeon
 10852 | D:10     | Gained mutation: You are mostly covered in thin metallic
                  | scales. (AC +3) [demonic ancestry]
 10852 | D:10     | Reached XP level 9. HP: 55/65 MP: 11/15
 11265 | D:9      | Noticed a centaur warrior
 11268 | D:9      | Noticed a tengu conjurer
 11515 | D:8      | Noticed Maggie
 11524 | D:8      | Killed Maggie
 11735 | D:8      | Reached skill level 5 in Ice Magic
 12035 | D:8      | Noticed Erica
 12058 | D:8      | Noticed Psyche
 12575 | D:8      | Gained mutation: You cannot be stealthy. [Ru sacrifice]
 12594 | D:8      | Killed Psyche
 12981 | D:9      | Noticed a death knight
 13485 | D:7      | Killed a two-headed ogre
 13486 | D:7      | Reached skill level 5 in Fighting
 13486 | D:7      | Reached skill level 5 in Spellcasting
 13486 | D:7      | Gained mutation: You have hooves in place of feet. [demonic
                  | ancestry]
 13486 | D:7      | Reached XP level 10. HP: 56/74 MP: 12/17
 13820 | D:7      | Learned a level 6 spell: Statue Form
 14207 | D:8      | Reached skill level 5 in Dodging
 14765 | D:9      | Noticed a cyclops
 16165 | D:9      | a centaur warrior changed into a yak
 16364 | D:9      | Noticed a cyclops
 17154 | D:9      | Noticed a two-headed ogre
 17162 | D:9      | Killed a two-headed ogre
 17599 | D:9      | Killed from afar by a meliai

Illustrated notes

Levels and vault maps discovered:
D:1:      zelgadis_glass_arrival_small, layout_basic, minivault_4
D:2:      cheibrodos_greedy_goblins, layout_basic, grunt_decor_resistance,
          nrook_mini_vaults, uniq_jessica
D:3:      layout_loops_corners, xom_teletrap_fun,
          hellmonk_ecumenical_altar_defaced_shrine, small_statue_intersection,
          uniq_ijyb, uniq_terence, uniq_robin
D:4:      layout_basic, mainiacjoe_overflow_alcove_2
D:5:      layout_loops_corners, chequers_ossuary_entry_cave, hex_tiny,
          minivault_24
D:6:      layout_loops_cross, gammafunk_ghost_cemetery
D:7:      layout_loops_ring, minmay_temple_entry_crystal_x, st_stairs_7
D:8:      layout_loops_ring, minivault_22, kennysheep_generic_room_16,
          uniq_maggie, uniq_erica, uniq_psyche
D:9:      minmay_the_grid_square_5x5_3x3 [minmay_the_grid_square_5x5_dogpile,
          minmay_the_grid_square_5x5_pentomino_r,
          minmay_the_grid_square_5x5_sharp_hourglass,
          minmay_the_grid_square_5x5_three,
          minmay_the_grid_square_5x5_megaprize_open,
          minmay_the_grid_square_5x5_corner,
          minmay_the_grid_square_5x5_hollow_slash,
          minmay_the_grid_square_5x5_empty, minmay_the_grid_square_5x5_inner_v],
          layout_cave_pools, mainiacjoe_overflow_surrounded_room, orc_0_dummy,
          serial_shops, nicolae_lakefront_shop
D:10:     layout_long_grid, uniq_urug
Temple:   mainiacjoe_temple_bowtie_tessellation

Skill      XL: |  1  2  3  4  5  6  7  8  9 10 |
---------------+-------------------------------+-----
Transmutations | 2 3 4 5 6 8 |  8.0
Unarmed Combat | 3 4 5 7 8 |  8.1
Dodging        | 2 3 4 5 |  5.6
Poison Magic   | 1 2 |  2.0
Fighting       | 2 3 5 |  5.9
Ice Magic      | 1 3 4 5 |  5.0
Spellcasting   | 3 4 5 |  5.8

Action                   |  1- 3 |  4- 6 |  7- 9 | 10-12 || total
-------------------------+-------+-------+-------+-------++-------
Melee: Unarmed           |    64 |   162 |   281 |    96 ||   603
       Kick              |     8 |    20 |       |       ||    28
       Headbutt          |     6 |    12 |       |       ||    18
       Punch             |     1 |     4 |       |       ||     5
 Cast: Beastly Appendage |    16 |    31 |       |       ||    47
       Spider Form       |     1 |    10 |    21 |       ||    32
       Ice Form          |       |     5 |    20 |    28 ||    53
Invok: Sacrifice Stealth |       |       |     1 |       ||     1
Evoke: Wand              |       |       |     1 |     1 ||     2
  Use: Scroll            |     4 |     7 |     7 |     4 ||    22
       Potion            |       |     3 |     1 |     3 ||     7
 Stab: Sleeping          |       |     1 |       |       ||     1
Armor: Robe              |     9 |    14 |       |     3 ||    26
       Skin              |       |     6 |    46 |    38 ||    90
       Acid dragon scale |       |       |       |     1 ||     1
Dodge: Dodged            |    38 |    82 |   199 |   107 ||   426

Table legend: (Time is in decaauts)
 A = Elapsed time spent in this place.
 B = Non-inter-level travel time spent in this place.
 C = Inter-level travel time spent in this place.
 D = Time resting spent in this place.
 E = Time spent auto-exploring this place.
 F = Levels seen in this place.
 G = Mean time per level.
                   A        B        C        D        E       F      G
               +--------+--------+--------+--------+--------+-----+--------+
         Total |  17569 |  16991 |    578 |   3434 |  11399 |  12 | 1464.1 |
       Dungeon |  16485 |  15952 |    533 |   3005 |  10965 |  10 | 1648.5 |
        Temple |    345 |    300 |     45 |    100 |    188 |   1 |  345.0 |
       Ossuary |    738 |    738 |      0 |    329 |    246 |   1 |  738.0 |
               +--------+--------+--------+--------+--------+-----+--------+

Top non-repeatable levels by time:
     D:8: 4259 daAuts
     D:3: 2255 daAuts
     D:5: 1937 daAuts
     D:2: 1464 daAuts
     D:7: 1335 daAuts
     D:6: 1228 daAuts
     D:4: 1140 daAuts
     D:1: 1101 daAuts
     D:9: 987 daAuts
    D:10: 776 daAuts
 Ossuary: 738 daAuts
  Temple: 345 daAuts
